 Dungeon Crawl Stone Soup version 0.28-a0-1616-g050a50673c (webtiles) character file.

Game seed: 2930439455024985431

130 buddhastalin the Sneak (level 5, -3/32 HPs)
             Began as a Kobold Brigand on Jan 22, 2022.
             Slain by an iguana (6 damage)
             ... on level 4 of the Dungeon.
             The game lasted 00:04:09 (2893 turns).

buddhastalin the Sneak (Kobold Brigand)             Turns: 2893, Time: 00:04:09

Health: -3/32      AC:  4    Str:  5 (8)  XL:     5   Next: 36%
Magic:  5/5        EV: 14    Int: 11 (14) God:
Gold:   157        SH:  0    Dex: 16 (17) Spells: 4/4 levels left

rFire   . . .      SeeInvis .   a - +0 short sword (speed)
rCold   . . .      Faith    .   (no shield)
rNeg    . . .      Spirit   .   h - +0 leather armour
rPois   .          Reflect  .   (no helmet)
rElec   .          Harm     .   c - +0 cloak
rCorr   .          Rampage  .   (no gloves)
Will    .....                   (no boots)
Stlth   ++++......              (no amulet)
HPRegen 0.10/turn               (no ring)
MPRegen 0.09/turn               (no ring)

@: no status effects
A: small, no large weapons, nightstalker 3
a: no special abilities


You were on level 4 of the Dungeon.
You visited 1 branch of the dungeon, and saw 4 of its levels.

You collected 157 gold pieces.

Inventory:

Hand Weapons
 a - a +0 short sword of speed (weapon)
Missiles
 d - 14 poisoned darts (quivered)
 e - 2 curare-tipped darts
Armour
 c - a +0 cloak (worn)
 h - a +0 leather armour (worn)
Jewellery
 l - a +4 ring of evasion
Scrolls
 i - a scroll of identify {unknown}
 j - a scroll of blinking {unknown}
 k - a scroll of fog {unknown}
 m - a scroll of fear {unknown}
 n - a scroll of teleportation {unknown}
 o - a scroll of enchant armour {unknown}
Potions
 f - 4 potions of haste {unknown}
 g - a potion of lignification {unknown}


   Skills:
 + Level 3.1 Fighting
 * Level 4.8 Short Blades
 - Level 2.1 Throwing
 + Level 2.6 Dodging
 + Level 6.1 Stealth


You had 4 spell levels left.
You didn't know any spells.
Your spell library was empty.

Dungeon Overview and Level Annotations

Branches:
Dungeon (4/15)
 Temple: D:4-7

Altars:
Ashenzari
Cheibriados
Dithmenos


Innate Abilities, Weirdness & Mutations

You are small and have problems with some larger weapons.
You are completely attuned to the shadows.


Message History

The iguana is lightly wounded.
The iguana misses you.
You barely miss the iguana.
The iguana is lightly wounded.
The iguana closely misses you.
You hit the iguana.
The iguana is moderately wounded.
You barely miss the iguana. Your punch misses the iguana.
The iguana is moderately wounded.
The iguana misses you.
You hit the iguana.
The iguana is heavily wounded.
You barely miss the iguana. You punch the iguana, but do no damage.
The iguana is heavily wounded.
The iguana closely misses you.
You hit the iguana but do no damage.
The iguana is heavily wounded.
The iguana closely misses you.
You barely miss the iguana.
The iguana is heavily wounded.
You closely miss the iguana.
The iguana is heavily wounded.
The iguana bites you!
* * * LOW HITPOINT WARNING * * *
You hit the iguana but do no damage.
The iguana is heavily wounded.
You hit the iguana but do no damage.
The iguana is heavily wounded.
The iguana bites you.
* * * LOW HITPOINT WARNING * * *
You hit the iguana but do no damage.
The iguana is heavily wounded.
You hit the iguana but do no damage.
The iguana is heavily wounded.
The iguana misses you.
It was a potion of degeneration.
There was something very wrong with that liquid.
You feel weakened.
You feel dopey.
You feel clumsy. The iguana bites you.
You die...

#....# #....#
.## #....#
...##..l.##
......@....
...........
.........[.
...#.......
.. +.......
... #......
#.. #..[..
#..###.......
#........#..


You could see an iguana.

Vanquished Creatures
  An iron imp (D:3)
  4 adders
  2 dart slugs
  A worm (D:2)
  5 endoplasms
  3 giant cockroaches
  6 goblins
  7 hobgoblins
  4 jackals (D:1)
  6 kobolds
  A quokka (D:1)
  5 ball pythons
  6 bats
  2 frilled lizards (D:2)
  2 rats
55 creatures vanquished.

Notes
Turn   | Place    | Note
-------+----------+-------------------------------------------
     0 | D:1      | buddhastalin the Kobold Brigand began the quest for the
                  | Orb.
     0 | D:1      | Reached XP level 1. HP: 12/12 MP: 1/1
   113 | D:1      | Reached XP level 2. HP: 18/18 MP: 2/2
   351 | D:1      | Reached XP level 3. HP: 17/22 MP: 3/3
   886 | D:2      | Reached XP level 4. HP: 21/27 MP: 4/4
  1215 | D:2      | Found a faded altar of an unknown god.
  1993 | D:3      | Found a shadowy altar of Dithmenos.
  2157 | D:3      | Reached skill level 6 in Stealth
  2177 | D:3      | Found a broken altar of Ashenzari.
  2187 | D:3      | Reached XP level 5. HP: 32/32 MP: 5/5
  2243 | D:3      | Found a snail-covered altar of Cheibriados.
  2893 | D:4      | Slain by an iguana

Illustrated notes

Levels and vault maps discovered:
D:1:      mushboom_english_gardens, layout_rooms, minmay_misc_feat_nine_boxes
D:2:      layout_basic, shapermc_ecumenical_altar_acropolis, grunt_ministairs_6
D:3:      layout_basic, slow_altar_2, evilmike_ruin_ashenzari,
          nicolae_dithmenos_shadow_blocks, kennysheep_path_1
D:4:      layout_basic, nicolae_overflow_hidden_temple, lemuel_doored_altar,
          minmay_splitting_lines

Skill      XL: |  1  2  3  4 |
---------------+-------------+-----
Short Blades   | 3 4 |  4.8
Dodging        | 2 |  2.6
Fighting       | 3 |  3.1
Stealth        | 6 |  6.1
Throwing       | |  2.1

Action                   |  1- 3 |  4- 6 || total
-------------------------+-------+-------++-------
Melee: Short sword       |   116 |   144 ||   260
       Dagger            |     2 |       ||     2
       Punch             |     1 |     4 ||     5
  Use: Potion            |       |     1 ||     1
 Stab: Sleeping          |    11 |    13 ||    24
       Distracted        |       |     1 ||     1
Armor: Robe              |    16 |     3 ||    19
       Leather armour    |       |    12 ||    12
Dodge: Dodged            |    51 |    49 ||   100

Table legend: (Time is in decaauts)
 A = Elapsed time spent in this place.
 B = Non-inter-level travel time spent in this place.
 C = Inter-level travel time spent in this place.
 D = Time resting spent in this place.
 E = Time spent auto-exploring this place.
 F = Levels seen in this place.
 G = Mean time per level.
                   A        B        C        D        E       F      G
               +--------+--------+--------+--------+--------+-----+--------+
         Total |   2789 |   2699 |     90 |    546 |   1767 |   4 |  697.2 |
       Dungeon |   2789 |   2699 |     90 |    546 |   1767 |   4 |  697.2 |
               +--------+--------+--------+--------+--------+-----+--------+

Top non-repeatable levels by time:
     D:3: 1053 daAuts
     D:2: 927 daAuts
     D:1: 765 daAuts
     D:4: 42 daAuts
